 Dungeon Crawl Stone Soup version 0.17.2-1-ge4368a0 (webtiles) character file.

620 rlgrobin the Twirler (level 7, -2/34 HPs)
             Began as a Vine Stalker Gladiator on Apr 29, 2017.
             Succumbed to a goblin's poison
             ... on level 3 of the Dungeon.
             The game lasted 00:04:00 (4203 turns).

rlgrobin the Twirler (Vine Stalker Gladiator)       Turns: 4203, Time: 00:04:00

Health: -2/34      AC:  0    Str: 18    XL:     7   Next: 46%
Magic:  4/8        EV: 13    Int:  8    God:
Gold:   292        SH:  0    Dex: 16    Spells: 0 memorised, 6 levels left

rFire  . . .     SeeInvis .     (no weapon)
rCold  . . .     Clarity  .     (no armour)
rNeg   + . .     SustAt   .     (no shield)
rPois  .         Gourm    .     (no helmet)
rElec  .         Spirit   +     (no cloak)
rCorr  .         Warding  .     (no gloves)
rMut   .         Stasis   .     (no boots)
MR     .....                    (no amulet)
Stlth  +.........               u - ring of positive energy
                                (no ring)

@: lethally poisoned (-2 -> -29), not resistant to hostile enchantments, very
unstealthy
A: fangs 2, regeneration 2, magic shield, antimagic bite, no device heal 3, rot
immunity
a: no special abilities


You were on level 3 of the Dungeon.
You were hungry.

You visited 1 branch of the dungeon, and saw 5 of its levels.
You also visited: Sewer.

You collected 292 gold pieces.


Innate Abilities, Weirdness & Mutations

You have extremely sharp teeth.
You heal very quickly.
When hurt, damage is shared between your health and your magic reserves.
Your bite disrupts and absorbs the magic of your enemies.
Potions and wands cannot restore your health.
You are immune to rotting.


   Skills:
 + Level 1.7 Fighting
   Level 7.7 Staves
 - Level 1.7 Throwing
 - Level 2.4 Dodging


You had 6 spell levels left.
You didn't know any spells.

Inventory:

Missiles
 d - 3 throwing nets {=f}
Armour
 i - a +1 hat
 p - a +0 buckler
 r - a +0 leather armour of fire resistance
Jewellery
 u - a ring of positive energy (right hand)
Scrolls
 f - 4 scrolls of fog
 h - 2 scrolls of remove curse
 j - a scroll of immolation {unknown}
 k - 2 scrolls of identify {unknown}
 l - a scroll of magic mapping
 m - 3 scrolls of recharging {unknown}
 n - 3 scrolls of amnesia {unknown}
 s - a scroll of teleportation {unknown}
 t - a scroll of vulnerability {unknown}
Comestibles
 e - 3 bread rations
 g - 6 meat rations

Dungeon Overview and Level Annotations

Branches:
Dungeon (5/15)
 Temple: D:4-7

Altars:
Dithmenos
Elyvilon
Nemelex Xobeh
Okawaru
Trog

.▒ ▒.▒.▒ ♣≈≈.≈≈≈≈
.▒
▒▒▒▒▒.▒.▒▒♣♣≈.≈≈♣▒
.▒
▒......▒..≈♣≈.≈≈P.
▒▒
▒.▒▒▒.▒.▒▒♣♣≈.≈≈≈▒
▒.▒ ▒.▒.▒▒≈♣≈.≈≈≈♣
▒.▒▒▒.▒.▒≈≈≈P.≈≈≈♣
▒.....▒.▒≈≈≈P.PPP♣
▒▒
▒.......▒≈≈≈≈.P≈≈≈
.▒
▒f.▒▒▒▒▒▒≈≈≈P.P≈≈≈
.▒ ▒g.▒ ▒≈≈≈≈.≈≈♣.
.▒ ▒..▒ ▒▒♣P≈.P≈▒.
▒▒ ▒..▒ ▒▒≈≈.♣...
▒ ▒..▒▒▒▒
▒........ ▒
▒.....▒ ▒.▒▒....▒
▒ ▒.▒▒▒.▒
▒.▒▒▒▒.▒▒ ▒ ▒.▒
▒.▒ ▒.▒ ▒.▒ ▒ ▒.▒
▒.▒ ▒.▒ ▒.▒


You could see a goblin.


Message History

Unknown command!
You feel sick!
The goblin hits you with a dagger of venom! * * * don't die
* * * You are lethally poisoned!!!
You take 4 damage, and have 14/34 hp!
You now have 6/8 mp! * * * don't die
* * * You feel sick!
The goblin hits you with a dagger of venom! * * * don't die
* * * You are more poisoned!
You take 4 damage, and have 10/34 hp!
You now have 5/8 mp! * * * don't die
* * * You feel very sick!
The goblin misses you!
You take 2 damage, and have 8/34 hp!
Unknown command!
Unknown command! * * * don't die
* * * You feel very sick!
The goblin barely misses you!
You take 3 damage, and have 5/34 hp!
Unknown command! * * * don't die
* * * You feel very sick!
The goblin hits you with a dagger of venom! * * * don't die
* * * You are more poisoned!
You take 4 damage, and have 1/34 hp!
You now have 4/8 mp! rip

Action                   |  1- 3 |  4- 6 |  7- 9 || total
-------------------------+-------+-------+-------++-------
Melee: Quarterstaff      |    77 |   177 |    35 ||   289
  Use: Scroll            |       |     3 |       ||     3
 Stab: Sleeping          |       |     1 |       ||     1
  Eat: Meat ration       |     1 |     1 |       ||     2

Vault maps used:
D:1:      minmay_arrival_cross
D:2:      nicolae_dithmenos_shadow_blocks
D:3:      bloody_trog, serial_bayou_lagoon_b
D:4:      old_standard_altar, kennysheep_mini_moat, gup_sewer_entry_bubbles
D:5:      elyvilon_altar_1, first_bread
Sewer:    sewer_co_scattered_pipes

Notes
Turn   | Place    | Note
--------------------------------------------------------------
     0 | D:1      | rlgrobin the Vine Stalker Gladiator began the quest for the Orb.
     0 | D:1      | Reached XP level 1. HP: 11/11 MP: 2/2
   175 | D:1      | Reached skill level 3 in Staves
   187 | D:1      | Reached XP level 2. HP: 15/15 MP: 3/3
   652 | D:2      | Reached XP level 3. HP: 16/18 MP: 4/4
   691 | D:2      | Found a shadowy altar of Dithmenos.
   709 | D:2      | Reached skill level 4 in Staves
  1246 | D:3      | Reached XP level 4. HP: 12/23 MP: 1/5
  1582 | D:3      | Found a bloodstained altar of Trog.
  1781 | D:4      | Found a sparkling altar of Nemelex Xobeh.
  1901 | D:4      | Reached skill level 5 in Staves
  1915 | D:4      | Reached XP level 5. HP: 26/26 MP: 6/6
  2243 | D:4      | Found a glowing drain.
  2259 | Sewer    | Entered a sewer
  2477 | D:4      | Found an iron altar of Okawaru.
  2742 | D:5      | Entered Level 5 of the Dungeon
  2742 | D:5      | Found a white marble altar of Elyvilon.
  2750 | D:5      | Reached skill level 6 in Staves
  2750 | D:5      | Gained mutation: You heal very quickly. [Vine Stalker growth]
  2750 | D:5      | Reached XP level 6. HP: 30/30 MP: 7/7
  2765 | D:5      | Noticed a centaur
  2773 | D:5      | Killed a centaur
  2936 | D:5      | Reached skill level 7 in Staves
  2936 | D:5      | Reached XP level 7. HP: 30/34 MP: 6/8
  3036 | D:5      | Noticed an ice beast
  3043 | D:5      | Killed an ice beast
  4202 | D:3      | HP: 3/34 [poisoned by a goblin]
  4202 | D:3      | HP: 1/34 [goblin/dagger of venom (2)]
  4203 | D:3      | Succumbed to a goblin's poison

Vanquished Creatures
  An ice beast (D:5)
  A centaur (D:5)
  A crimson imp (D:5)
  4 orc wizards
  A hound (D:4)
  3 worker ants (D:5)
  3 gnolls (D:4)
  A river rat (D:4)
  5 adders
  A shadow imp (D:5)
  4 worms
  An adder skeleton (D:4)
  5 giant geckos
  13 orcs
  4 ball pythons (Sewer)
  8 bats
  7 goblins
  3 hobgoblins
  8 kobolds
  3 quokkas
  3 giant cockroaches
  A giant cockroach zombie (D:5)
  6 giant newts
  9 jackals
  6 rats
102 creatures vanquished.
